 Dungeon Crawl Stone Soup version 0.30.1-4-g462c640d31 (webtiles) character file.

Game seed: 991683173789854672

52 Bobit the Poker (level 3, 0/27 (31) HPs)
             Began as a Gnoll Reaver on Aug 13, 2023.
             Was a Follower of Lugonu.
             Slain by a jackal (2 damage)
             ... on level 2 of the Dungeon.
             The game lasted 00:01:58 (858 turns).

Bobit the Poker (Gnoll Reaver)                       Turns: 858, Time: 00:01:59

HP:   0/27 (31)     AC:  6    Str: 13    XL:     3   Next: 85%
MP:   3/9           EV: 11    Int: 12    God:    Lugonu [*.....]
Gold: 54            SH:  0    Dex: 10    Spells: 6/12 levels left

rFire   . . .        a - +0 spear
rCold   . . .        (no shield)
rNeg    . . .        g - +1 ring mail {rPois}
rPois   +            (no helmet)
rElec   .            (no cloak)
rCorr   .            (no gloves)
SInv    .            (no boots)
Will    .....        (no amulet)
Stlth   +            (no ring)
HPRegen 0.24/turn    (no ring)
MPRegen 0.11/turn

%: no passive effects
@: immotile, heavily drained
A: fangs 1, strong nose, distributed training
a: Renounce Religion, Depart the Abyss


You were on level 2 of the Dungeon.
You worshipped Lugonu.
Lugonu was aware of your devotion.
You visited 1 branch of the dungeon, and saw 2 of its levels.

You collected 54 gold pieces.

Inventory:

Hand Weapons
 a - a +0 spear (weapon)
Armour
 b - a +0 leather armour
 f - a +0 scale mail
 g - a +1 ring mail of poison resistance (worn)
Jewellery
 k - a ring of flight
Scrolls
 d - a scroll of teleportation {unknown}
 e - a scroll of amnesia {unknown}
 i - a scroll of identify {unknown}
 j - a scroll of enchant weapon {unknown}
Potions
 c - a potion of ambrosia {unknown}
 h - a potion of invisibility {unknown}


   Skills:
 + Level 4.6 Fighting
 + Level 1.0 Short Blades
 + Level 1.0 Long Blades
 + Level 1.0 Axes
 + Level 1.0 Maces & Flails
 + Level 6.5 Polearms
 + Level 1.0 Staves
 + Level 1.0 Ranged Weapons
 + Level 1.0 Throwing
 + Level 1.0 Armour
 + Level 4.6 Dodging
 + Level 1.0 Stealth
 + Level 1.0 Shields
 + Level 1.0 Unarmed Combat
 + Level 5.0 Spellcasting
 + Level 5.4 Conjurations
 + Level 0.7 Hexes
 + Level 0.7 Summonings
 + Level 0.7 Necromancy
 + Level 0.7 Translocations
 + Level 0.7 Transmutations
 + Level 0.7 Fire Magic
 + Level 0.7 Ice Magic
 + Level 0.7 Air Magic
 + Level 0.7 Earth Magic
 + Level 0.7 Poison Magic
 + Level 1.1 Invocations
 + Level 1.0 Evocations


You had 6 spell levels left.
You knew the following spells:

 Your Spells              Type           Power      Damage    Failure   Level
a - Kiss of Death         Conj/Necr      40%        2d8       12%         1
b - Momentum Strike       Conj/Tloc      20%        3d8       19%         2
c - Hailstorm             Conj/Ice       10%        3d5       34%         3

Your spell library contained the following spells:

 Spells                   Type           Power      Damage    Failure   Level


Dungeon Overview and Level Annotations

Branches:
Dungeon (2/15)

Altars:
Lugonu

Shops:
D:1 (


Innate Abilities, Weirdness & Mutations

You have very sharp teeth.
Your uncanny sense of smell can sniff out nearby items.
Your experience applies equally to all skills.


Message History

Confirm with . or Enter, or press ? or * to list all spells.
Aiming: Kiss of Death (safe; 12% risk of failure)
Press: ? - help, Shift-Dir - straight line, f - gnoll
Aim: a gnoll, wielding a +0 whip (100% to hit)
The negative energy hits the gnoll!
The gnoll is drained!
You kill the gnoll!
Lugonu accepts your kill.
You feel drained.
You are no longer robbed of momentum.
Your Short Blades skill increases to level 1!
Your Long Blades skill increases to level 1!
Your Axes skill increases to level 1!
Your Maces & Flails skill increases to level 1!
Your Staves skill increases to level 1!
Your Ranged Weapons skill increases to level 1!
Your Throwing skill increases to level 1!
Your Armour skill increases to level 1!
Your Stealth skill increases to level 1!
Your Shields skill increases to level 1!
Your Unarmed Combat skill increases to level 1!
Your Evocations skill increases to level 1!
You closely miss the jackal. Your bite misses the jackal.
A jackal comes into view.
You barely miss the jackal. The jackal barely misses you. x2
You barely miss the jackal. The jackal barely misses you. The jackal bites you.
* * * LOW HITPOINT WARNING * * *
The jackal barely misses you.
Casting: Kiss of Death (safe; 12% risk of failure)
Confirm with . or Enter, or press ? or * to list all spells.
Aiming: Momentum Strike (safe; 19% risk of failure)
Press: ? - help, Dir - move target, f - jackal
Aim: a jackal (60% to hit)
The concentrated momentum hits the jackal!
You kill the jackal!
Lugonu accepts your kill.
You are unable to move.
You hit the jackal.
The jackal is heavily wounded.
The jackal barely misses you. The jackal bites you.
You die...

#. ##) #.# .## .. #.###
... #. .... .# ...
#)###g######..#..##..##.#
#..h.gh.g.##..#..##..##.#
.....Kg###g##..#..##..##.#
$.[h### #h##..#..##..##.#
### #h@......##..##.#
#####....##..##.#
#..[...##..##.###
#.#..............
#......##..##....
###....##..##....
#....##..##....
+.........[....
#.........#....


You could see 2 gnolls and 2 jackals.

Vanquished Creatures
  2 gnolls (D:2)
  A dart slug (D:1)
  2 endoplasms
  3 giant cockroaches (D:1)
  2 goblins (D:1)
  6 hobgoblins
  2 jackals (D:2)
  2 quokkas
  4 ball pythons (D:1)
  A bat (D:1)
  A frilled lizard (D:1)
  A kobold (D:1)
27 creatures vanquished.

Notes
Turn   | Place    | Note
-------+----------+-------------------------------------------
     0 | D:1      | Bobit the Gnoll Reaver began the quest for the Orb.
     0 | D:1      | Reached XP level 1. HP: 20/20 MP: 6/6
   110 | D:1      | Found a faded altar of an unknown god.
   116 | D:1      | Reached XP level 2. HP: 25/26 MP: 7/7
   125 | D:1      | Prayed at the altar of an unknown god.
   125 | D:1      | Became a worshipper of Lugonu the Unformed
   125 | D:1      | Reached * piety under Lugonu
   478 | D:1      | Found Mugunn's Antique Weapon Shoppe.
   618 | D:1      | Reached skill level 5 in Spellcasting
   618 | D:1      | Reached XP level 3. HP: 31/31 MP: 7/9
   733 | D:1      | Learned a level 2 spell: Momentum Strike
   737 | D:1      | Learned a level 3 spell: Hailstorm
   849 | D:2      | Reached skill level 1 in Invocations
   854 | D:2      | Reached skill level 1 in Short Blades
   854 | D:2      | Reached skill level 1 in Long Blades
   854 | D:2      | Reached skill level 1 in Axes
   854 | D:2      | Reached skill level 1 in Maces & Flails
   854 | D:2      | Reached skill level 1 in Staves
   854 | D:2      | Reached skill level 1 in Ranged Weapons
   854 | D:2      | Reached skill level 1 in Throwing
   854 | D:2      | Reached skill level 1 in Armour
   854 | D:2      | Reached skill level 1 in Stealth
   854 | D:2      | Reached skill level 1 in Shields
   854 | D:2      | Reached skill level 1 in Unarmed Combat
   854 | D:2      | Reached skill level 1 in Evocations
   858 | D:2      | Slain by a jackal

Illustrated notes

Levels and vault maps discovered:
D:1:      dpeg_arrival_tiny_b, layout_loops_ring,
          nicolae_ecumenical_snake_handling, serial_shops, shop, st_stairs_9
D:2:      layout_basic

Skill      XL: |  1  2  3 |
---------------+----------+-----
Spellcasting   | 5 |  5.0
Invocations    | 1 |  1.1
Short Blades   | 1 |  1.0
Long Blades    | 1 |  1.0
Axes           | 1 |  1.0
Maces & Flails | 1 |  1.0
Staves         | 1 |  1.0
Ranged Weapons | 1 |  1.0
Throwing       | 1 |  1.0
Armour         | 1 |  1.0
Stealth        | 1 |  1.0
Shields        | 1 |  1.0
Unarmed Combat | 1 |  1.0
Evocations     | 1 |  1.0
Fighting       | |  4.6
Polearms       | |  6.5
Dodging        | |  4.6
Conjurations   | |  5.4
Hexes          | |  0.7
Summonings     | |  0.7
Necromancy     | |  0.7
Translocations | |  0.7
Transmutations | |  0.7
Fire Magic     | |  0.7
Ice Magic      | |  0.7
Air Magic      | |  0.7
Earth Magic    | |  0.7
Poison Magic   | |  0.7

Action                     || total
---------------------------++-------
  Melee: Spear             ||   123
         Bite              ||    14
         Punch             ||     1
   Cast: Momentum Strike   ||     3
         Kiss of Death     ||     1
 Armour: Leather armour    ||    12
         Ring mail         ||     7
  Dodge: Dodged            ||    55
